 Dungeon Crawl Stone Soup version 0.26-a0-707-g31817bcca1 (webtiles) character file.

Game seed: 2221823060175839859

26 Decritt the Firebug (level 2, 0/20 HPs)
             Began as a Draconian Fire Elementalist on Oct 26, 2020.
             Slain by a leopard gecko (3 damage)
             ... on level 1 of the Dungeon.
             The game lasted 00:04:44 (1945 turns).

Decritt the Firebug (Draconian Fire Elementalist)   Turns: 1945, Time: 00:04:45

Health: 0/20       AC:  4    Str: 10    XL:     2   Next: 89%
Magic:  3/5        EV: 12    Int: 15    God:
Gold:   43         SH:  0    Dex: 11    Spells: 4/5 levels left

rFire    . . .     SeeInvis .   b - +0 short sword
rCold    . . .     Faith    .   (no shield)
rNeg     . . .     Spirit   .   (armour unavailable)
rPois    .         Reflect  .   (helmet restricted)
rElec    .         Harm     .   (no cloak)
rCorr    .         Rampage  .   (no gloves)
MR       .....                  (no boots)
Stlth    ++........             (no amulet)
HPRegen  0.06/turn              (no ring)
MPRegen  0.09/turn              (no ring)

@: no status effects
A: unfitting armour, cold-blooded, AC +4
a: no special abilities


You were on level 1 of the Dungeon.
You visited 1 branch of the dungeon, and saw 2 of its levels.

You collected 43 gold pieces.

Inventory:

Hand Weapons
 b - a +0 short sword (weapon)
Missiles
 a - 35 stones (quivered)
Scrolls
 e - a scroll of identify {unknown}
 f - a scroll of fog {unknown}
 h - a scroll of enchant armour {unknown}
Potions
 c - 2 potions of ambrosia {unknown}
 d - a potion of heal wounds {unknown}
 g - a potion of curing {unknown}


   Skills:
 - Level 1.7 Dodging
 - Level 1.7 Stealth
 - Level 2.0 Spellcasting
 + Level 2.1 Conjurations
 + Level 3.6 Fire Magic


You had 4 spell levels left.
You knew the following spells:

 Your Spells              Type           Power        Failure   Level
a - Foxfire               Conj/Fire      ##..         7%          1

Your spell library contained the following spells:

 Spells                   Type           Power        Failure   Level
 Conjure Flame            Conj/Fire      ##......     21%         3
 Inner Flame              Hex/Fire       #.......     32%         3
 Sticky Flame             Conj/Fire      ##......     56%         4
 Fireball                 Conj/Fire      ##........   88%         5


Dungeon Overview and Level Annotations

Branches:
Dungeon (2/15)

Altars:

Annotations:
D:2 Terence


Innate Abilities, Weirdness & Mutations

Your plain brown scales are hard. (AC +4)
You cannot fit into any form of body armour.
You are cold-blooded and may be slowed by cold attacks.


Message History

You conjure some foxfire!
The leopard gecko bites you.
* * * LOW HITPOINT WARNING * * *
The leopard gecko closely misses you.
The foxfire hits the leopard gecko but does no damage.
The leopard gecko is lightly wounded.
The foxfire hits the leopard gecko.
The leopard gecko is severely wounded.
The leopard gecko misses you.
You see here 2 stones.
You see here a stone.
The leopard gecko hisses menacingly.
The leopard gecko closely misses you.
You see here a stone.
You see here 2 stones.
You see here a stone.
The leopard gecko barely misses you. The leopard gecko misses you.
You see here 2 stones.
The leopard gecko bites you.
You die...

#(##.#.####..#####
#.................
#.((.........####.
#(##.#.#.##..# #.
#.##.#.#.##..# #.
#.##........>####.
#.####............
#.# ###.##.#####.
#@# #(##.# #.# #l#
#(##.# #.# #.#
#.##.# #.#
#(######.##.# ##.
#...(.((>.†(# ##
########.#### #
#.# #.# #.##


You could see a leopard gecko.

Vanquished Creatures
  A worm (D:1)
  A leopard gecko (D:2)
  4 bats
  2 goblins (D:2)
  3 hobgoblins (D:1)
  3 jackals
  A quokka (D:2)
  A kobold (D:1)
  3 rats (D:1)
19 creatures vanquished.

Vanquished Creatures (others)
  48 foxfires
48 creatures vanquished.

Grand Total: 67 creatures vanquished

Notes
Turn   | Place    | Note
-------+----------+-------------------------------------------
     0 | D:1      | Decritt the Draconian Fire Elementalist began the quest for
                  | the Orb.
     0 | D:1      | Reached XP level 1. HP: 14/14 MP: 3/3
   567 | D:1      | Reached XP level 2. HP: 15/20 MP: 5/5
  1277 | D:2      | Noticed Terence
  1945 | D:1      | Slain by a leopard gecko

Illustrated notes

Levels and vault maps discovered:
D:1:      denvon_arrival_planthouse, layout_loops_ring
D:2:      layout_rooms, tgw_trog, uniq_terence

Skill      XL: |  1  2 |
---------------+-------+-----
Conjurations   | 2 |  2.1
Dodging        | |  1.7
Stealth        | |  1.7
Spellcasting   | |  2.0
Fire Magic     | |  3.6

Action                   || total
-------------------------++-------
Melee: Short sword       ||    66
       Unarmed           ||    11
       Tailslap          ||     4
Throw: Stone             ||    72
 Cast: Foxfire           ||    39
Armor: Skin              ||    26
Dodge: Dodged            ||    72

Table legend: (Time is in decaauts)
 A = Elapsed time spent in this place.
 B = Non-inter-level travel time spent in this place.
 C = Inter-level travel time spent in this place.
 D = Time resting spent in this place.
 E = Time spent auto-exploring this place.
 F = Levels seen in this place.
 G = Mean time per level.
                   A        B        C        D        E       F      G
               +--------+--------+--------+--------+--------+-----+--------+
         Total |   1961 |   1909 |     52 |    448 |   1065 |   2 |  980.5 |
       Dungeon |   1961 |   1909 |     52 |    448 |   1065 |   2 |  980.5 |
               +--------+--------+--------+--------+--------+-----+--------+

Top non-repeatable levels by time:
     D:1: 1754 daAuts
     D:2: 207 daAuts
